AoeStats
← The Crusader

Arabia

510317450Analyzed
1v1 RM · 2d ago on Sep 30, 2026· 22m 22s· 2 players
Game mode
Random Map
Map size
Tiny (2 player)
Population
200
Speed
Normal
Resources
Standard
Victory
Conquest
Starting age
Dark Age
Ending age
Imperial Age
RankedLock teamsTeams togetherTeam positionsShared explorationLock speedFull tech treeHidden civsTurbo modeCheats
Victory
Defeat
🇺🇸 Malay · United States
1751
+16
🇹🇼 Bohemians · Taiwan
1748
-16
tovra fans
7:00 Loom
9:16 Feudal Age
9:28 Man-at-Arms
14:06 Fletching
15:03 Padded Archer Armor
The Crusader
6:49 Loom
9:34 Feudal Age
9:57 Man-at-Arms
13:13 Fletching
19:37 Padded Archer Armor
23:19 Castle Age
22:57 Scale Barding Armor
Connection lost

Rejoining the realm…

Still unreachable

The connection could not be restored.

Session expired

The server has moved on; the page needs a fresh start.